Cogmind - Beta 17.1 @@@ ROGUE MODE // 2026.08.31 @ 16:16:44 Player: CONM Result: Destroyed by G-47 Trooper with Particle Gun Performance ------------- Evolutions (2) 1000 Regions Visited (5) 1000 Robots Destroyed (38) 190 Value Destroyed (917) 917 Prototype IDs (3) 60 Alien Tech Used (0) 0 Bonus (163) 163 TOTAL SCORE: 3330 Bonus ------- Follower Combat Kills 163 Cogmind --------- Core Integrity 0/550 Matter 138/300 Energy 244/250 System Corruption 0% Temperature Cool (12) Movement Walking (120) Location -8/Storage Parts ------- > --- POWER (1) -------- Ion Engine > --- PROPULSION (3) --- Carbon-fiber Leg Carbon-fiber Leg Carbon-fiber Leg > --- UTILITY (5) ------ Small Storage Unit Structural Scanner Advanced Visual Processing Unit Improved Sensor Array > --- WEAPON (2) ------- (None) > --- INVENTORY (8) ---- Ion Engine Light Nuclear Core Cooling System Structural Scanner Improved Sensor Array Peak State ------------ > --- POWER ------------ Improved Ion Engine > --- PROPULSION ------- Light Treads Light Treads > --- UTILITY ---------- Large Storage Unit Trap Scanner Advanced Visual Processing Unit Improved Terrain Scanner Seismic Detector > --- WEAPON ----------- Assault Rifle Improved Assault Rifle > --- INVENTORY -------- Ion Engine Ion Engine Light Ion Engine Wheel Improved Hover Unit Improved Hover Unit Improved Hover Unit Improved Hover Unit Improved Hover Unit Cooling System Small Storage Unit Structural Scanner Light Armor Plating EM Pulse Gun Grenade Launcher [Rating: 21] Favorites ----------- Power Improved Ion Engine Engine Improved Ion Engine Propulsion Light Treads Treads Light Treads Leg Carbon-fiber Leg Wheel Wheel Hover Unit Improved Hover Unit Utility Large Storage Unit Device Seismic Detector Storage Large Storage Unit Processor Advanced Visual Processing Unit Protection Propulsion Shielding Weapon Light Assault Rifle Energy Gun EM Pulse Gun Ballistic Gun Light Assault Rifle Launcher Grenade Launcher Build | -11 -10 -9 -9 -8 -8 ------- Run | Yrd Mat Mat Min Mat Sto Slots Evolved 4 | . . 2 . 2 . Power . | . . . . . . Propulsion 1 | . . 1 . . . Utility 3 | . . 1 . 2 . Weapon . | . . . . . . Parts Attached 31 | 7 2 4 1 11 6 Power 3 | 1 . 1 . . 1 Engine 3 | 1 . 1 . . 1 Core . | . . . . . . Reactor . | . . . . . . Propulsion 12 | 2 . 1 . 6 3 Treads 3 | 2 . 1 . . . Leg 3 | . . . . . 3 Wheel 1 | . . . . 1 . Hover 5 | . . . . 5 . Flight . | . . . . . . Utility 10 | 2 1 1 1 3 2 Device 5 | 1 . . 1 1 2 Storage 2 | 1 1 . . . . Processor 1 | . . . . 1 . Hackware . | . . . . . . Protection 2 | . . 1 . 1 . Artifact . | . . . . . . Weapon 6 | 2 1 1 . 2 . Energy Gun 1 | . . . . 1 . Energy Cannon . | . . . . . . Ballistic Gun 4 | 2 1 1 . . . Ballistic Cannon . | . . . . . . Launcher 1 | . . . . 1 . Special Weapon . | . . . . . . Impact Weapon . | . . . . . . Slashing Weapon . | . . . . . . Piercing Weapon . | . . . . . . Special Melee Weapon . | . . . . . . Unidentified Prototypes 1 | . . 1 . . . Parts Lost 18 | . . . 1 17 . Power 1 | . . . . 1 . Propulsion 9 | . . . . 9 . Utility 4 | . . . 1 3 . Weapon 4 | . . . . 4 . Highest Loss Streak 15 | . . . 1 15 . To Critical Strikes . | . . . . . . Average Backups 11 | 2 10 13 15 13 3 Power 2 | . 2 2 3 2 1 Propulsion 3 | 1 3 3 6 5 . Utility 3 | . 3 3 4 3 2 Weapon 1 | . 2 3 2 1 . Tool/Special . | . . . . . . Unused Backups 6 | . . 3 . 1 2 Power 1 | . . . . 1 . Propulsion 2 | . . 2 . . . Utility 2 | . . . . . 2 Weapon 1 | . . 1 . . . Tool/Special . | . . . . . . Average Slot Usage (%) 85 | . 100 91 94 70 60 Engine 10 | . 14 11 11 6 7 Treads 22 | . 28 28 33 15 . Leg 3 | . . . . . 22 Device 15 | . 14 11 15 19 13 Storage 10 | . 14 11 11 8 7 Processor 2 | . . . . 4 9 Protection 1 | . . 7 1 . . Ballistic Gun 18 | . 28 22 22 11 . Peak Build Rating 21 | 7 8 14 16 21 19 Average Rating 12 | 4 7 10 14 15 15 On Entrance 8 | . 7 8 14 16 3 Avg Prop Armor Cover (%) . | . . . . . . Naked Turns . | . . . . . . Heaviest Build 36 | 13 29 34 34 36 12 Greatest Support 60 | 40 40 60 60 60 45 Greatest Overweight (x) 8 | . . . . 8 . Average Overweight (x) . | . . . . . . Largest Inventory Capacity 15 | 8 15 15 15 15 8 Average Capacity 13 | 6 14 15 15 14 7 Most Carried 15 | 5 13 15 15 15 5 Average Carried 11 | 2 10 13 15 13 3 Final Capacity 15 | 8 15 15 15 5 8 Final Carried 15 | 5 13 15 15 5 5 Class Distribution -------------------- 64% | Mutant 23% | Scavenger-Mutant 12% | Commander-Mutant Dominant Class ---------------- Mutant | -10/Materials Mutant | -9/Materials Mutant | -9/Mines Scavenger-Mutant | -8/Materials Commander-Mutant | -8/Storage Resources | -11 -10 -9 -9 -8 -8 ----------- Run | Yrd Mat Mat Min Mat Sto Matter Collected 695 | 249 59 115 89 86 97 Remotely . | . . . . . . Salvage Created 1068 | 17 313 225 141 372 . Parts 83 | 3 19 11 17 33 . Haulers Intercepted 3 | . . 2 . 1 . Recyclers Shooed . | . . . . . . Parts Field Recycled . | . . . . . . Retrieved Matter . | . . . . . . Parts Self-Destructed . | . . . . . . Prevented . | . . . . . . Parts Restored . | . . . . . . Kills | -11 -10 -9 -9 -8 -8 ------- Run | Yrd Mat Mat Min Mat Sto Combat Hostiles Destroyed 27 | . 10 2 2 13 . Guns 19 | . 10 2 2 5 . AOE 8 | . . . . 8 . Classes Destroyed 8 | 1 2 2 1 2 . Worker 3 | . . . 1 2 . Builder 2 | . . . . 2 . Tunneler 2 | 1 . . 1 . . Hauler 3 | . . 2 . 1 . Operator 1 | . . . . 1 . Swarmer 9 | . 3 . . 6 . Grunt 13 | . 7 . . 6 . Sentry 5 | . . 2 2 1 . Best Kill Streak 11 | 1 5 3 2 11 . Combat Bots Only 6 | . 5 1 2 6 . Max Kills in Single Turn 4 | 1 1 1 1 4 . Gunslinging . | . . . . . . Exploded 4 | . . . . 4 . Melee . | . . . . . . Uniques/NPCs Destroyed . | . . . . . . Combat | -11 -10 -9 -9 -8 -8 -------- Run | Yrd Mat Mat Min Mat Sto Hostile Shots Fired 219 | . 37 10 20 151 1 Missed 68 | . 13 . 7 48 . Hits 151 | . 24 10 13 103 1 Projectile 151 | . 24 10 13 103 1 Critical Strikes 1 | . . . . 1 . Damage Taken 2237 | . 243 147 195 1621 31 Core 629 | . 60 15 . 523 31 Absorbed by Shields . | . . . . . . Redirected to Shielding 51 | . . 18 33 . . Core Remaining (%) 90 | 100 76 . 96 . . Volleys Fired 91 | 1 29 14 9 38 . Largest 2 | 2 2 2 2 2 . Hottest 63 | 40 40 43 43 63 . Shots Fired 168 | 2 58 28 18 62 . Gun 160 | 2 58 28 18 54 . Cannon . | . . . . . . Launcher 8 | . . . . 8 . Special . | . . . . . . Kinetic 153 | 2 58 28 18 47 . Thermal . | . . . . . . Explosive 8 | . . . . 8 . Electromagnetic 7 | . . . . 7 . Robot Hit Streak 14 | 2 8 10 11 14 . Robot Miss Streak 2 | . 2 2 1 2 . Penetration Max . | . . . . . . Secondary Targets 3 | . 3 . . . . Max Gunslinging Chain 1 | . 1 . . . . Shots Hit Robots 125 | 2 40 19 13 51 . Core Hits 65 | 2 17 8 6 32 . Critical Kills 1 | . 1 . . . . Critical Parts Destroyed 1 | . . . . 1 . Critical Strikes 2 | . 1 . . 1 . Destroy 2 | . 1 . . 1 . Melee Attacks . | . . . . . . Impact . | . . . . . . Slashing . | . . . . . . Piercing . | . . . . . . Sneak Attacks . | . . . . . . Combat Hostiles . | . . . . . . Follow-up Attacks . | . . . . . . Damage Inflicted 2541 | 15 361 224 190 1751 . Guns 1436 | 15 361 224 190 646 . Cannons . | . . . . . . Explosions 1105 | . . . . 1105 . Melee . | . . . . . . Ramming . | . . . . . . Kinetic 1363 | 15 361 224 190 573 . Thermal 507 | . . . . 507 . Explosive 598 | . . . . 598 . Electromagnetic 73 | . . . . 73 . Impact . | . . . . . . Slashing . | . . . . . . Piercing . | . . . . . . Highest Corruption . | . . . . . . Average Corruption . | . . . . . . Corruption Purged . | . . . . . . Corruption Blocked . | . . . . . . Overload Shots . | . . . . . . Overflow Damage 122 | . . . . 122 . Projectiles . | . . . . . . Explosions 122 | . . . . 122 . Melee . | . . . . . . Knockbacks . | . . . . . . Impact . | . . . . . . Kinetic . | . . . . . . Secondary . | . . . . . . Self-Inflicted Damage 165 | . . . . 165 . Shots 7 | . . . . 7 . Rammed . | . . . . . . Targets Rammed . | . . . . . . Kicked . | . . . . . . Crushed . | . . . . . . Highest Temperature 27 | . 12 6 10 27 . Average Temperature 9 | . 6 3 2 14 . Received Heat Transfer 735 | . 96 45 63 513 18 Siege Activations . | . . . . . . Martial Activations . | . . . . . . Shielding Activations . | . . . . . . Robots Disrupted . | . . . . . . Combat Hostiles . | . . . . . . Robots Corrupted . | . . . . . . Combat Hostiles . | . . . . . . Parts Fried . | . . . . . . Impact Corruptions . | . . . . . . Robots Melted . | . . . . . . Combat Hostiles . | . . . . . . Parts Melted . | . . . . . . Heat Transferred 350 | . . . . 350 . Parts Sabotaged . | . . . . . . Parts Stolen . | . . . . . . Parts Stripped . | . . . . . . Power Chain Reactions 1 | . . . . 1 . Alert | -11 -10 -9 -9 -8 -8 ------- Run | Yrd Mat Mat Min Mat Sto Maximum Alert Level 1 | . . . . 1 1 Low Security (%) 97 | 100 100 100 100 92 89 Level 1 2 | . . . . 7 10 Level 2 . | . . . . . . Level 3 . | . . . . . . Level 4 . | . . . . . . Level 5 . | . . . . . . High Security . | . . . . . . Max Security . | . . . . . . Peak Influence 218 | 5 150 63 32 218 217 Initial 72 | . . 49 12 . 72 Average 46 | . 56 40 2 69 103 Influence Increases 1112 | 5 230 74 52 486 265 Destroy 0b10 Robot/C 640 | . 200 40 40 260 100 Destroy 0b10 Robot/NC 65 | 5 . 10 10 30 10 Destroy Leader 126 | . 30 24 . 42 30 Allied During Kill 91 | . . . . . 91 Successful Hack 38 | . . . . 5 33 Disable Machine 45 | . . . . 45 . Destroy Structure 47 | . . . 2 44 1 Lose Combat Pursuer 60 | . . . . 60 . Influence Decreases 915 | 5 112 159 85 313 241 Entered New Map 191 | . . 69 21 . 101 Time Decay 524 | 5 112 90 54 143 120 Lost Part 180 | . . . 10 170 . Lost Ally 20 | . . . . . 20 Squads Dispatched 5 | . 2 . . 3 . Investigation 1 | . 1 . . . . Extermination . | . . . . . . Reinforcement 4 | . 1 . . 3 . Assault . | . . . . . . Garrison . | . . . . . . Intercept . | . . . . . . Searches Triggered . | . . . . . . Construction Impeded 1 | . . . . 1 . Haulers Reinforced . | . . . . . . Active Scanning Responses . | . . . . . . Cargo Convoy Interrupts . | . . . . . . Stealth | -11 -10 -9 -9 -8 -8 --------- Run | Yrd Mat Mat Min Mat Sto Distress Signals 8 | . 2 1 . 3 2 Communications Jammed . | . . . . . . Distress Signals . | . . . . . . Times Spotted 57 | . 14 3 2 30 8 Peak Tracking Total 10 | . 4 2 2 10 4 Tactical Retreats 2 | . . . . 2 . Traps | -11 -10 -9 -9 -8 -8 ------- Run | Yrd Mat Mat Min Mat Sto Traps Triggered 1 | . 1 . . . . Indirectly . | . . . . . . Trap Hack Attempts . | . . . . . . Triggered . | . . . . . . Disarmed . | . . . . . . Reprogrammed . | . . . . . . Reused . | . . . . . . Traps Extracted . | . . . . . . Installed . | . . . . . . Triggered . | . . . . . . Machines | -11 -10 -9 -9 -8 -8 ---------- Run | Yrd Mat Mat Min Mat Sto Machines Disabled 3 | . . . . 3 . Max in Single Turn 2 | . . . . 2 . Machines Repaired . | . . . . . . Machines Dismantled . | . . . . . . Machines Sabotaged . | . . . . . . Overloaded Fab Kills . | . . . . . . Hacking | -11 -10 -9 -9 -8 -8 --------- Run | Yrd Mat Mat Min Mat Sto Machines Accessed 8 | . . . . 2 6 Terminals 8 | . . . . 2 6 Fabricators . | . . . . . . Repair Stations . | . . . . . . Recycling Units . | . . . . . . Scanalyzers . | . . . . . . Garrison Access . | . . . . . . Total Hacks 18 | . . . . 7 11 Successful 11 | . . . . 5 6 Failed 7 | . . . . 2 5 Catastrophic 2 | . . . . . 2 Database Lockouts . | . . . . . . Manual 10 | . . . . 6 4 Terminals 18 | . . . . 7 11 Fabricators . | . . . . . . Repair Stations . | . . . . . . Recycling Units . | . . . . . . Scanalyzers . | . . . . . . Garrison Access . | . . . . . . Terminal Hacks 7 | . . . . 1 6 Record 1 | . . . . . 1 Prototype ID Bank 1 | . . . . . 1 Open Door 2 | . . . . . 2 Level Access Points 1 | . . . . . 1 Terminal Index 2 | . . . . 1 1 Fabricator Hacks . | . . . . . . Repair Station Hacks . | . . . . . . Recycling Unit Hacks . | . . . . . . Scanalyzer . | . . . . . . Garrison Access Hacks . | . . . . . . Unauthorized Hacks 4 | . . . . 4 . Terminals 4 | . . . . 4 . Botnet 2 | . . . . 2 . Skim 2 | . . . . 2 . Fabricators . | . . . . . . Repair Stations . | . . . . . . Recycling Units . | . . . . . . Scanalyzers . | . . . . . . Garrison Access . | . . . . . . Data Cores Recovered . | . . . . . . Used . | . . . . . . Hacking Detections 6 | . . . . 2 4 Full Trace Events . | . . . . . . Feedback Events . | . . . . . . Feedback Blocked . | . . . . . . Robot Schematics Acquired . | . . . . . . Robots Built . | . . . . . . Authchips . | . . . . . . Time . | . . . . . . Total Robot Build Rating . | . . . . . . Part Schematics Acquired . | . . . . . . Parts Built . | . . . . . . Authchips . | . . . . . . Time . | . . . . . . Total Part Build Rating . | . . . . . . Part Studies Acquired . | . . . . . . Parts Repaired . | . . . . . . Time . | . . . . . . Parts Recycled . | . . . . . . Recycled Matter . | . . . . . . Retrieved Matter . | . . . . . . Retrieved Components . | . . . . . . Parts Scanalyzed . | . . . . . . Part Schematics Acquired . | . . . . . . Parts Damaged . | . . . . . . Bothacking | -11 -10 -9 -9 -8 -8 ------------ Run | Yrd Mat Mat Min Mat Sto Used RIF Installer . | . . . . . . Robots Hacked . | . . . . . . Non-combat . | . . . . . . Combat . | . . . . . . Robot Hacks Applied . | . . . . . . Relay Couplers Released . | . . . . . . Fabnet Peak Effective % . | . . . . . . Robots Rewired . | . . . . . . Allies Hacked . | . . . . . . Hacks Repelled . | . . . . . . Allies | -11 -10 -9 -9 -8 -8 -------- Run | Yrd Mat Mat Min Mat Sto Total Allies 10 | . . . . . 10 Largest Group 10 | . . . . . 10 Highest-Rated Group 173 | . . . . . 173 Highest-Rated Ally 29 | . . . . . 29 Total Orders . | . . . . . . Ally Attacks 80 | . . . . . 80 Total Damage 774 | . . . . . 774 Kills 7 | . . . . . 7 Allies Corrupted . | . . . . . . Allies Melted . | . . . . . . Intel | -11 -10 -9 -9 -8 -8 ------- Run | Yrd Mat Mat Min Mat Sto Active Infowar (turns) 1797 | 20 468 181 482 403 243 Optics 436 | . . . . 193 243 Sensors 167 | . . . . . 167 Terrain 459 | . . . 189 270 . Structural 212 | . . . . . 212 Traps 325 | . . . . 325 . Seismic 1433 | 20 468 181 482 282 . Robot Analysis Total . | . . . . . . Derelict Logs Recovered 2 | . . . 2 . . Drone Launches . | . . . . . . Drone Recoveries . | . . . . . . Exploration | -11 -10 -9 -9 -8 -8 ------------- Run | Yrd Mat Mat Min Mat Sto Turns Passed 1889 | 112 468 181 482 403 243 Spaces Moved 1056 | 59 235 76 284 215 187 Core 85 | 1 . . . 46 38 Treads 756 | 58 235 76 284 103 . Legs 149 | . . . . . 149 Wheels 35 | . . . . 35 . Hover 31 | . . . . 31 . Flight . | . . . . . . Fastest Speed 50 | 50 160 160 160 50 50 Average Speed 142 | 158 160 160 160 121 105 Slowest Speed 450 | 160 160 160 160 450 120 Overloaded Moves . | . . . . . . Propulsion Burnouts . | . . . . . . Robots Hopped . | . . . . . . Potential Cave-ins . | . . . . . . Cave-ins Triggered . | . . . . . . Exploration Rate (%) 29 | 4 39 11 57 34 34 Regions Visited 5 Branch Regions 2 Pre-discovered Areas 1 | . . . 1 . . Known Exits Taken . | . . . . . . Unknown Exits Taken 5 | 1 1 1 1 1 . Scrap Searched . | . . . . . . Spaces Dug . | . . . . . . Terrain Destroyed 41 | . . . . 41 . Melee . | . . . . . . Projectile . | . . . . . . AOE 41 | . . . . 41 . Terrain Rammed . | . . . . . . Walls Destroyed . | . . . . . . Machines Disabled . | . . . . . . Actions | -11 -10 -9 -9 -8 -8 --------- Run | Yrd Mat Mat Min Mat Sto Total 1277 | 73 278 109 293 293 231 Wait 73 | 2 7 6 . 28 30 Move 1051 | 58 234 75 283 214 187 Hop . | . . . . . . Pick Up 20 | 5 6 6 . . 3 Fast Attach 15 | 7 . 1 1 2 4 Attach 13 | . . 1 . 9 3 Detach . | . . . . . . Swap 4 | . 2 2 . . . Drop 6 | . . 4 . 2 . Fire 91 | 1 29 14 9 38 . Melee . | . . . . . . Ram . | . . . . . . Kick . | . . . . . . Crush . | . . . . . . Escape Stasis . | . . . . . . Rewire 4 | . . . . . 4 Trap . | . . . . . . Miscellaneous . | . . . . . . Route ------- -11/Scrapyard -10/Materials (discovered 2 exits: [*Mat x2]) -9/Materials -9/Mines (discovered 2 exits: *Mat x2) -8/Materials (discovered 2 exits: Fac / *Sto) -8/Storage (discovered 1 exit: Fac) History --------- Turn | Location | Event 17 | -11/Scrapyard | Discovered new exit (range 14) 113 | -11/Scrapyard | Entered Materials 307 | -10/Materials | Build established: Mutant 311 | -10/Materials | Discovered new exit (range 4) 516 | -10/Materials | Discovered new exit (range 16) 581 | -10/Materials | Entered another Materials area 581 | -9/Materials | Evolved 2 slots: Propulsion x1, Utility x1 631 | -9/Materials | Discovered new exit (range 16) 762 | -9/Materials | Entered Mines 977 | -9/Mines | Discovered new exit (range 4) 1034 | -9/Mines | Learned location of Zion (-7) 1066 | -9/Mines | Learned location of 1 exit from Materials 1085 | -9/Mines | Discovered new exit (range 5) 1244 | -9/Mines | Entered Materials 1244 | -8/Materials | Evolved 2 slots: Utility x2 1245 | -8/Materials | Identified exit to Factory 1359 | -8/Materials | Build established: Scavenger-Mutant 1606 | -8/Materials | Core integrity fell below 50% 1622 | -8/Materials | Core integrity fell below 20% 1639 | -8/Materials | Discovered new exit (range 15) 1647 | -8/Materials | Entered Storage 1655 | -8/Storage | Assisted by bots powering up and referring to "LRC-V3" 1657 | -8/Storage | Lost 15 parts (1p8n3u3w) 1890 | -8/Storage | Destroyed by G-47 Trooper with Particle Gun Last Messages --------------- 01842_ B-36 Bruiser suffers critical hit (Burn). 01849_ B-36 Bruiser heat damages Lgt. Treads, Hammer, Rnf. Ion Engine. 01849_ B-36 Bruiser overheating. 01849_ Destroyed Lgt. Treads. 01849_ B-36 Bruiser critical meltdown. 01854_ G-47 Trooper destroyed. 01856_ U-05 Engineer lays Concrete. 01858_ K-01 Serf collects debris. 01860_ U-05 Engineer destroyed. 01860_ G-47 Trooper overheating. 01861_ G-47 Trooper destroyed. 01861_ K-01 Serf collects debris. 01862_ Acquired Structural Scanner. 01864_ K-01 Serf collects debris. 01866_ Acquired 45 matter. 01869_ K-01 Serf collects debris. 01871_ Acquired Lgt. Nuclear Core. 01873_ K-01 Serf collects debris. 01886_ Destroyed Imp. Hover Unit. Map ----- +----------------------------------------------------+ | ?????????##### ###### ###"""""# ## | | ????????????## ##?##T ######### T### | | ????????????## ##?### ######### ###? | | ????????????## ##?###! ##?????##= ###? | | ????????????## ##??##! ##?????##= ##?? | | ????????????## ##??##! ##?????##= ##?? | | ??? # ? ###### ##??##! !##?????##= =##?? | | ??? # ###########+#######??#######?????#######?? | | ???## ^=[ ##??#######?????#######?? | | ???## ^! ##??????????????????????? | | ???## *^ ##??????????????????????? | | ???################/#######??????????????????????? | | ???############ ###??????????????????????? | | ?????????????## *% ##???????????????????????? | | ?????????????## ##???????????????????????? | | ?????????????## ? ##???????????????????????? | | ?????????????## = ##???????????????????????? | | ?????????????## ???#####????????????????????? | | ?????????????## ??#### ????????????????????? | | ?????????????## a # ????????????????????? | | ?????????????############ g# ????????????????????? | | ??????????????########### #?????????????????????? | | ??????????????????????? #g #?????????????????????? | | ??????????????????????? #g # ????????????????????? | | ??????????????????????? # # ????????????????????? | | ??????????????????????? #@ #?????????????????????? | | ??????????????????????? + /g ????????????????? | | ??????????????????????? # ######????????????????? | | ???????????????????????## ### ????????????????? | | ??????????????????????? ????????????????????? | | ???????????????????????##k ???????????????????? | | ???????????????????????##/####???????????????????? | | ???????????????????????# T##???????????????????? | | ????????????????????????" "??????????????????????? | | ????????????????????????!!!??????????????????????? | | ???????????????????????#!!!#?????????????????????? | | ???????????????????????#####?????????????????????? | | ???????????????????????#####?????????????????????? | | ?????????????????????????????????????????????????? | | ?????????????????????????????????????????????????? | | ?